 Dungeon Crawl Stone Soup version 0.25-a0-479-g8579842fd4 (webtiles) character file.

Game seed: 8935988886847279837, levelgen mode: deterministic

1810 ICC the Grappler (level 9, 0/48 HPs)
             Began as a Vine Stalker Fighter on Feb 9, 2020.
             Succumbed to a hornet's poison
             ... on level 6 of the Dungeon.
             The game lasted 00:17:23 (4221 turns).

ICC the Grappler (Vine Stalker Fighter)             Turns: 4221, Time: 00:17:23

Health: 0/48       AC:  8    Str: 25    XL:     9   Next: 10%
Magic:  7/17       EV: 14    Int:  8    God:
Gold:   397        SH:  0    Dex: 18    Spells: 17/17 levels left

rFire    . . .     SeeInvis .     - Unarmed
rCold    . . .     Gourm    .   (no shield)
rNeg     . . .     Faith    .   a - +0 scale mail
rPois    .         Spirit   +   g - +1 hat
rElec    .         Reflect  .   v - +0 cloak (curse)
rCorr    .         Harm     .   (no gloves)
MR       +....     Clarity  +   (no boots)
Stlth    +.........             (no amulet)
HPRegen  0.56/turn              s - ring of wizardry
MPRegen  0.15/turn              (no ring)

@: agile, lethally poisoned (0 -> -7), slowed, very slow
A: fangs 3, clarity, regeneration 1, robust 1, strong 1, magic shield, antimagic
bite, no potion heal 3, rot immunity
a: no special abilities


You were on level 6 of the Dungeon.
You were not hungry.

You visited 1 branch of the dungeon, and saw 6 of its levels.

You collected 397 gold pieces.

Inventory:

Missiles
 e - 234 stones
 y - 4 boomerangs (quivered)
 A - 5 poisoned darts
Armour
 a - a +0 scale mail (worn)
 b - a +0 shield
 g - a +1 hat (worn)
 q - a +2 hat
 v - a cursed +0 cloak (worn)
 w - a cursed -2 robe
Jewellery
 r - an uncursed ring of ice
 s - a ring of wizardry (left hand)
Wands
 z - a wand of acid (12)
Scrolls
 f - 10 scrolls of identify {unknown}
 h - a scroll of fog {unknown}
 j - a scroll of blinking {unknown}
 l - 3 scrolls of teleportation {unknown}
 m - a scroll of fear {unknown}
 o - a scroll of remove curse {unknown}
 x - 2 scrolls of random uselessness {unknown}
 C - a scroll of immolation {unknown}
Potions
 c - 2 potions of might
 n - a potion of curing
 p - 2 potions of flight
 u - a potion of resistance {unknown}
 B - 2 potions of lignification {unknown}
 D - a potion of invisibility
Comestibles
 d - 14 rations


   Skills:
 - Level 3.0 Fighting
 - Level 3.1 Armour
 - Level 2.6 Shields
 - Level 10.0 Unarmed Combat
 + Level 4.9 Spellcasting


You had 17 spell levels left.
You didn't know any spells.
Your spell library contained the following spells:

 Spells                   Type           Power        Failure   Level  Hunger
 Magic Dart               Conj           #...         26%         1    #......
 Blink                    Tloc           N/A          34%         2    ###....
 Call Imp                 Summ           #.......     34%         2    ###....
 Slow                     Hex            #.......     34%         2    ###....
 Conjure Flame            Conj/Fire      #.......     56%         3    ###....
 Mephitic Cloud           Conj/Pois/Air  #.......     56%         3    ###....


Dungeon Overview and Level Annotations

Branches:
Dungeon (6/15)
 Temple: D:4-7

Altars:
Ashenzari
Cheibriados
Dithmenos
Elyvilon
Kikubaaqudgha
Nemelex Xobeh
Okawaru
Qazlal
Uskayaw
Vehumet
Yredelemnul
The Shining One


Innate Abilities, Weirdness & Mutations

You have razor-sharp teeth.
Your natural rate of healing is unusually fast.
When hurt, damage is shared between your health and your magic reserves.
Your bite disrupts and absorbs the magic of your enemies.
Potions cannot restore your health.
You are immune to rotting.
You possess an exceptional clarity of mind.
You are robust. (+10% HP)
Your muscles are strong. (Str +2)


Message History

You feel yourself slow down.
The hornet stings you but does no damage.
The hornet misses you. Magic courses through your body.
You feel sick. The hornet closely misses you. The hornet stings you.
* * * LOW HITPOINT WARNING * * *
You suddenly lose the ability to move!
You feel yourself speed up.
You feel sick. The hornet stings you.
* * * LOW HITPOINT WARNING * * *
You feel yourself slow down. The hornet stings you.
* * * LOW HITPOINT WARNING * * *
You shrug off the repeated paralysis!
The hornet stings you.
You are lethally poisoned!
You feel as though you will be slow longer.
You can move again.
You closely miss the hornet. Your bite misses the hornet.
The hornet is moderately wounded.
You die...

#......## ..........
## #...##.... (. ##.##
.##. #. # #.# # .[ .#
#.# .###. ##'## (..
#...## #y# .....## ###
#@# ......## ##.###.#
.......####..)##.#
.......'.......#.#
.......####...##.#####
......## ##.........#
.....## #.###.###.#
#...## #.# #.# #.#
##'## ##.###.# #.#


You could see a hornet.

Vanquished Creatures
  Sigmund (D:3)
  A sky beast (D:4)
  2 ice beasts
  A phantom (D:5)
  An ogre (D:5)
  2 centaurs (D:5)
  Blork the orc (D:6)
  A scorpion (D:5)
  2 wights (D:6)
  An orc priest (D:5)
  4 hounds
  A jelly (D:5)
  A centaur skeleton (D:5)
  5 orc wizards
  A gnoll shaman (D:5)
  Natasha (thrice) (D:2)
  4 worker ants
  A hound skeleton (D:5)
  3 gnolls (D:5)
  14 adders
  5 worms
  A dart slug (D:1)
  3 leopard geckos
  14 orcs
  3 bat skeletons (D:4)
  4 bat zombies (D:4)
  16 giant cockroaches
  7 goblins
  10 hobgoblins
  5 jackals
  2 quokkas
  9 bats
  8 frilled lizards
  A jackal skeleton (D:4)
  9 kobolds
  4 rats
151 creatures vanquished.

Notes
Turn   | Place    | Note
-------+----------+-------------------------------------------
     0 | D:1      | ICC the Vine Stalker Fighter began the quest for the Orb.
     0 | D:1      | Reached XP level 1. HP: 11/11 MP: 2/2
   105 | D:1      | Reached skill level 1 in Spellcasting
   126 | D:1      | Reached XP level 2. HP: 12/16 MP: 2/4
   304 | D:1      | Reached skill level 3 in Unarmed Combat
   478 | D:1      | Reached XP level 3. HP: 19/19 MP: 5/5
   677 | D:2      | Noticed Natasha
   803 | D:2      | Killed Natasha
   820 | D:2      | Gained mutation: Your natural rate of healing is unusually
                  | fast. [Vine Stalker growth]
   820 | D:2      | Reached XP level 4. HP: 14/23 MP: 4/6
   823 | D:2      | Reached skill level 4 in Unarmed Combat
   970 | D:2      | Noticed Natasha
   982 | D:2      | Killed Natasha
  1145 | D:2      | Noticed Natasha
  1153 | D:2      | Killed Natasha
  1153 | D:2      | Reached skill level 5 in Unarmed Combat
  1153 | D:2      | Reached XP level 5. HP: 23/27 MP: 5/7
  1464 | D:2      | Found a hide-covered altar of Uskayaw.
  1591 | D:3      | Reached XP level 6. HP: 16/32 MP: 4/8
  1768 | D:3      | Noticed a fire elemental
  1770 | D:3      | Found a stormy altar of Qazlal.
  1784 | D:3      | Found a radiant altar of Vehumet.
  1842 | D:3      | Noticed an air elemental
  1928 | D:3      | Noticed Sigmund
  1947 | D:3      | Killed Sigmund
  1947 | D:3      | Reached skill level 6 in Unarmed Combat
  1947 | D:3      | Reached XP level 7. HP: 35/36 MP: 8/11
  2011 | D:3      | Found a snail-covered altar of Cheibriados.
  2257 | D:3      | Noticed a water elemental
  2316 | D:3      | Found a shadowy altar of Dithmenos.
  2832 | D:4      | Reached skill level 7 in Unarmed Combat
  2937 | D:4      | Found an ancient bone altar of Kikubaaqudgha.
  3089 | D:5      | Entered Level 5 of the Dungeon
  3127 | D:5      | Gained mutation: You have razor-sharp teeth. [Vine Stalker
                  | growth]
  3127 | D:5      | Reached XP level 8. HP: 38/40 MP: 11/13
  3137 | D:5      | Reached skill level 8 in Unarmed Combat
  3155 | D:5      | Found a glowing golden altar of the Shining One.
  3189 | D:5      | Found an iron altar of Okawaru.
  3212 | D:5      | Found a sparkling altar of Nemelex Xobeh.
  3296 | D:5      | Found a shattered altar of Ashenzari.
  3407 | D:5      | Reached skill level 9 in Unarmed Combat
  3800 | D:5      | Reached skill level 10 in Unarmed Combat
  3961 | D:6      | Found a white marble altar of Elyvilon.
  4003 | D:6      | Reached XP level 9. HP: 37/44 MP: 13/15
  4053 | D:6      | Noticed Blork the orc
  4061 | D:6      | Killed Blork the orc
  4077 | D:6      | Found a basalt altar of Yredelemnul.
  4205 | D:6      | Noticed a hornet
  4216 | D:6      | Gained mutation: You are robust. (+10% HP) [potion of
                  | mutation]
  4216 | D:6      | Gained mutation: You possess an exceptional clarity of
                  | mind. [potion of mutation]
  4216 | D:6      | Gained mutation: Your muscles are strong. (Str +2) [potion
                  | of mutation]
  4218 | D:6      | Paralysed by a hornet for 3 turns
  4219 | D:6      | HP: 2/48 [hornet (1)]
  4221 | D:6      | Succumbed to a hornet's poison

Levels and vault maps discovered:
D:1:      dpeg_arrival_pits, layout_basic, supply_closet_lemuel
D:2:      layout_rooms, marbit_many_paths, serial_rivers,
          chequers_serial_rivers_micro_e, chequers_serial_rivers_room_b,
          chequers_serial_rivers_marsh, chequers_serial_rivers_room_b,
          minmay_worlds_worst_comb, uniq_natasha
D:3:      layout_loops_ring, old_standard_altar, grunt_dithmenos_smoke,
          cheibriados_altar_1, nicolae_qazlal_style_of_elements, first_ration,
          uniq_sigmund
D:4:      layout_cave_pools, kennysheep_vampire_church, chequers_mini_garden
D:5:      layout_loops_ring, overflow_temple_1_default, lemuel_round_altar,
          okawaru_ov_weapons_minmay, basic_altar, grunt_ministairs_12
D:6:      layout_loops_corners, kennysheep_ying_yang,
          nicolae_overflow_crystal_walls, hex_medium, roderic_batcave,
          uniq_blork_the_orc, uniq_pikel

Skill      XL: |  1  2  3  4  5  6  7  8  9 |
---------------+----------------------------+-----
Spellcasting   | 1 2 3 4 |  4.9
Unarmed Combat | 3 5 6 7 10 | 10.0
Fighting       | 3 |  3.0
Armour         | 3 |  3.1
Shields        | |  2.6

Action                   |  1- 3 |  4- 6 |  7- 9 || total
-------------------------+-------+-------+-------++-------
Melee: Unarmed           |   103 |   186 |   256 ||   545
       Bite              |    26 |    41 |    65 ||   132
       Punch             |     1 |     4 |     9 ||    14
Throw: Stone             |    10 |    59 |    47 ||   116
       Boomerang         |       |       |    23 ||    23
       Dart              |       |       |     4 ||     4
  Use: Potion            |     2 |     5 |     5 ||    12
 Stab: Invisible         |       |     1 |       ||     1
  Eat: Chunk             |       |     4 |     7 ||    11
Armor: Scale mail        |    59 |    65 |   109 ||   233
Dodge: Dodged            |    44 |    74 |   111 ||   229
Block: Shield            |     1 |       |       ||     1

Table legend:
 A = Non-vault XP
 B = Vault XP
 C = Vault XP percentage of total XP
 D = Non-vault monster count
 E = Vault monster count
 F = Vault count percentage of total count
                 A         B        C        D         E       F
            +---------+---------+-------+---------+---------+-------
      Total |    2194 |     392 |  15.2 |     133 |      18 |  11.9
            +---------+---------+-------+---------+---------+-------
        D:1 |      38 |       0 |   0.0 |      23 |       0 |   0.0
        D:2 |     206 |      58 |  22.0 |      27 |       7 |  20.6
        D:3 |     177 |     197 |  52.7 |      28 |       1 |   3.4
        D:4 |     388 |      14 |   3.5 |      23 |       7 |  23.3
        D:5 |    1080 |      27 |   2.4 |      24 |       2 |   7.7
        D:6 |     305 |      96 |  23.9 |       8 |       1 |  11.1
            +---------+---------+-------+---------+---------+-------
